 Dungeon Crawl Stone Soup version 0.21.1-1-g345015f (webtiles) character file.

22 wotfoxis the Caller (level 2, -1/15 HPs)
             Began as a Deep Elf Summoner on Feb 17, 2018.
             Slain by a goblin
             ... wielding a +0 club
             ... led by Robin
              (6 damage)
             ... on level 2 of the Dungeon.
             The game lasted 00:07:43 (1131 turns).

wotfoxis the Caller (Deep Elf Summoner)             Turns: 1131, Time: 00:07:44

Health: -1/15      AC:  2    Str:  5    XL:     2   Next: 68%
Magic:  4/8        EV: 13    Int: 19    God:
Gold:   114        SH:  0    Dex: 15    Spells: 7/8 levels left

rFire    . . .     SeeInvis .   l - +0 dagger (curse)
rCold    . . .     Gourm    .   (no shield)
rNeg     . . .     Faith    .   a - +0 robe
rPois    .         Spirit   .   (no helmet)
rElec    .         Reflect  .   (no cloak)
rCorr    .         Harm     .   (no gloves)
MR       .....                  (no boots)
Stlth    ++........             (no amulet)
HPRegen  0.05/turn              (no ring)
MPRegen  0.11/turn              (no ring)

@: no status effects
A: no striking features
a: no special abilities


You were on level 2 of the Dungeon.
You were hungry.

You visited 1 branch of the dungeon, and saw 2 of its levels.

You collected 114 gold pieces.

Inventory:

Hand Weapons
 l - a cursed +0 dagger (weapon)
Missiles
 m - 32 arrows
Armour
 a - a +0 robe (worn)
Jewellery
 f - an uncursed amulet of guardian spirit {unknown}
 k - an uncursed ring of ice {unknown}
 o - an uncursed ring of see invisible {unknown}
Scrolls
 d - 2 scrolls of remove curse {unknown}
 e - a scroll of amnesia {unknown}
 g - 2 scrolls of teleportation {unknown}
 n - 2 scrolls of identify {unknown}
 p - a scroll of noise {unknown}
Potions
 i - a potion of degeneration {unknown}
 j - a potion of ambrosia {unknown}
 q - a potion of agility {unknown}
Books
 b - a book of Callings

   Spells                             Type                      Level
   a - Summon Small Mammal            Summoning                    1
   b - Call Imp                       Summoning                    2
   c - Call Canine Familiar           Summoning                    3
   d - Summon Guardian Golem          Hexes/Summoning              3
   e - Summon Lightning Spire         Summoning/Air                4
   f - Summon Ice Beast               Ice/Summoning                4
Comestibles
 c - 2 rations
 h - a chunk of flesh


   Skills:
 + Level 0.1 Short Blades
 + Level 2.4 Dodging
 + Level 2.4 Stealth
 + Level 3.6 Spellcasting
 + Level 4.9 Summonings


You had 7 spell levels left.
You knew the following spells:

 Your Spells              Type           Power        Failure   Level  Hunger
a - Summon Small Mammal   Summ           ###.         1%          1    None


Dungeon Overview and Level Annotations

Branches:
Dungeon (2/15)

Altars:

Annotations:
D:2 Robin


Message History

You see here a stone.
Your bat hits Robin but does no damage.
Your quokka bites Robin but does no damage.
Robin hits your quokka with a whip.
Your quokka bites Robin but does no damage. x2
The goblin shoots a stone.
The stone hits your quokka.
Your quokka dies!
Your quokka's corpse disappears in a puff of smoke!
Your quokka bites Robin.
Your bat hits Robin but does no damage.
Robin roars a battlecry!
Your quokka bites Robin but does no damage.
The goblin closely misses your quokka.
The goblin shoots a stone.
The stone barely misses you.
Your quokka completely misses Robin.
You see here a stone.
Casting: Summon Small Mammal
Confirm with . or Enter, or press ? or * to list all spells.
Your bat hits Robin but does no damage. Your bat hits Robin.
The goblin hits you with a club.
You die...

.#####...##.....#########...#####
r....g...........................
.r...............######.########.
.##..###..#......# #.#########
.##..# #..######.# #......÷...
.##..# #..# ####.# #.#########
.##>.. .... ....# #.# ....
###.#####.## #..# #.# ...... #.#
#.# #b@# #.##..... #.#
..######g######..'..... #.#
#....(...†....##......
#........###..# ...$.. #..(rg(..#
#..# ..... #.).rb..r# #..# ....
#gg......# #..# +##
.....gg.†.......... ...
####....###.##.....# ###


You could see Robin, 5 goblins, a rat, 2 friendly quokkas and 2 friendly bats.

Vanquished Creatures
  2 giant cockroaches (D:2)
2 creatures vanquished.

Vanquished Creatures (collateral kills)
  2 leopard geckos
  A ball python (D:2)
  4 bats (D:1)
  A giant cockroach (D:2)
  8 goblins
  3 hobgoblins (D:1)
  2 quokkas (D:2)
  2 kobolds (D:1)
  4 rats (D:1)
27 creatures vanquished.

Grand Total: 29 creatures vanquished

Notes
Turn   | Place    | Note
-------+----------+-------------------------------------------
     0 | D:1      | wotfoxis the Deep Elf Summoner began the quest for the Orb.
     0 | D:1      | Reached XP level 1. HP: 10/10 MP: 6/6
   229 | D:1      | Reached XP level 2. HP: 14/15 MP: 2/8
   479 | D:2      | Noticed Robin
  1131 | D:2      | Slain by a goblin

Action                   || total
-------------------------++-------
Melee: Dagger            ||    15
 Cast: Summon Small Mamm ||    48
Armor: Robe              ||     4
Dodge: Dodged            ||    36
